 Dungeon Crawl Stone Soup version 0.30-a0-297-g0ec75d9ef4 (webtiles) character file.

Game seed: 2572532311162799369

2440 funkygono the Arsonist (level 9, -9/48 HPs)
             Began as a Gargoyle Fire Elementalist on Oct 19, 2022.
             Mangled by a boulder beetle (25 damage)
             ... on level 7 of the Dungeon.
             The game lasted 00:13:42 (7537 turns).

funkygono the Arsonist (Gargoyle Fire Elementalist) Turns: 7537, Time: 00:13:43

Health: -9/48      AC: 17    Str: 11    XL:     9   Next: 49%
Magic:  16/19      EV: 12    Int: 21    God:
Gold:   309        SH:  0    Dex: 10    Spells: 11/21 levels left

rFire   + . .      SeeInvis .    z - +6 dire flail
rCold   . . .      Faith    .    (shield currently unavailable)
rNeg    + . .      Spirit   .    q - +1 animal skin
rPois   ∞          Reflect  .    r - +0 helmet
rElec   +          Harm     .    (no cloak)
rCorr   .          Rampage  .    (no gloves)
Will    .....                    j - +2 pair of boots
Stlth   ++........               A - amulet of regeneration
HPRegen 1.08/turn                a - +4 ring of protection
MPRegen 0.16/turn                s - ring of protection from fire

@: no status effects
A: sickness immunity, AC +6, negative energy resistance 1, electricity
resistance, torment resistance 1, petrification resistance
a: no special abilities


You were on level 7 of the Dungeon.
You visited 1 branch of the dungeon, and saw 7 of its levels.

You collected 309 gold pieces.

Inventory:

Hand Weapons
 m - a +0 club
 o - a +0 whip of protection
 z - a +6 dire flail (weapon)
Armour
 j - a +2 pair of boots (worn)
 l - an orb of guile
 n - the +5 ring mail "Newapa" {rElec Str+4}
   (You found it on level 2 of the Dungeon)

   Str:       It affects your strength (+4).
   rElec:     It insulates you from electricity.
 q - a +1 animal skin (worn)
 r - a +0 helmet (worn)
 C - a +2 scale mail of willpower
Magical Staves
 w - a staff of death
Jewellery
 a - a +4 ring of protection (left hand)
 h - an amulet of guardian spirit
 s - a ring of protection from fire (right hand)
 A - an amulet of regeneration (around neck)
Wands
 t - a wand of paralysis (14)
 B - a wand of roots (3)
Scrolls
 f - 5 scrolls of vulnerability
 g - 2 scrolls of fog
Potions
 b - 2 potions of magic
 c - a potion of lignification {unknown}
 d - 2 potions of brilliance
 e - 3 potions of curing
 i - 3 potions of flight
 k - a potion of resistance {unknown}
 p - 2 potions of invisibility {unknown}
 u - a potion of might {unknown}
 v - 2 potions of haste {unknown}
 x - a potion of heal wounds {unknown}
 D - a potion of mutation {unknown}


   Skills:
 + Level 1.9 Fighting
 + Level 2.2 Maces & Flails
 + Level 0.5 Armour
 + Level 2.8 Dodging
 - Level 2.1 Stealth
 + Level 6.9 Spellcasting
 + Level 5.6 Conjurations
 + Level 8.1 Fire Magic


You had 11 spell levels left.
You knew the following spells:

 Your Spells              Type           Power      Damage    Failure   Level
a - Foxfire               Conj/Fire      100%       2x1d9     1%          1
b - Scorch                Fire           82%        2d9       1%          2
c - Kindle Blastsparks    Fire/Tloc/Air  36%        2d13      9%          3
d - Flame Wave            Conj/Fire      36%        2d10      5%          4

Your spell library contained the following spells:

 Spells                   Type           Power      Damage    Failure   Level
 Inner Flame              Hex/Fire       24%        N/A       4%          3
 Blink                    Tloc           14%        N/A       14%         2
 Ensorcelled Hibernation  Hex/Ice        14%        N/A       14%         2
 Passwall                 Tmut/Erth      5%         N/A       14%         2
 Call Canine Familiar     Summ           7%         N/A       26%         3
 Portal Projectile        Hex/Tloc       14%        N/A       26%         3
 Summon Guardian Golem    Hex/Summ       7%         N/A       26%         3
 Swiftness                Air            7%         N/A       26%         3
 Leda's Liquefaction      Hex/Erth       3%         N/A       65%         4
 Manifold Assault         Tloc           7%         N/A       65%         4
 Orb of Destruction       Conj           15%        9d7       100%        7
 Spellforged Servitor     Conj/Summ      9%         N/A       100%        7
 Storm Form               Tmut/Air       3%         N/A       100%        7


Dungeon Overview and Level Annotations

Branches:
Dungeon (7/15)
 Temple: D:4-7

Altars:
Ashenzari
Dithmenos
Elyvilon
Nemelex Xobeh
Sif Muna
Trog
Uskayaw
Wu Jian

Shops:
D:2 *

Portals:
Bailey: D:7


Innate Abilities, Weirdness & Mutations

You are immune to sickness and miasma.
Your stone body is resilient. (AC +6)
You are immune to poison.
You resist negative energy. (rN+)
You are resistant to electric shocks. (rElec)
You are resistant to unholy torment.
You are immune to petrification.


Message History

The boulder beetle is moderately wounded.
The boulder beetle is no longer more vulnerable to fire.
The centaur shoots an arrow.
The arrow hits you. The boulder beetle bites you!
Unknown command.
The centaur shoots an arrow.
The arrow completely misses you.
You hit the boulder beetle.
The boulder beetle is moderately wounded.
The boulder beetle bites you but does no damage.
The boulder beetle bites you.
You hit the boulder beetle but do no damage.
The boulder beetle is moderately wounded.
The boulder beetle bites you!
* * * LOW HITPOINT WARNING * * *
You hit the boulder beetle but do no damage.
The boulder beetle is moderately wounded.
You hear the faint creaking of a portcullis.
The boulder beetle bites you.
* * * LOW HITPOINT WARNING * * *
You puncture the boulder beetle!
The boulder beetle is heavily wounded.
The boulder beetle misses you.
You feel better. The boulder beetle bites you.
Aiming: Fastroot
Press: ? - help, Shift-Dir - straight line, f - boulder beetle
Aim: a boulder beetle (heavily wounded)
The roots erupt in riotous growth!
Roots grab the boulder beetle.
Roots grab the centaur.
The grasping roots constrict the centaur.
The grasping roots constrict the boulder beetle, but do no damage.
You hear a shout! x2
The boulder beetle bites you.
* * * LOW HITPOINT WARNING * * *
The grasping roots constrict the centaur.
The grasping roots constrict the boulder beetle!
The roots release their grip on the centaur.
The roots release their grip on the boulder beetle.
The boulder beetle curls into a ball and begins rolling!
The boulder beetle hits you!!
Ouch! That really hurt!
You die...

.≈≈~≈≈. $≈...≈.##
.~>∩.)).########.
.≈..)≈)..>.......
.≈≈~≈≈.##°#######
....... #c#
#.#..## #○# #...#
#B# #.## #@# #
####.####
#.......#
#.......#
####.......#
...........#
...........#
...........#
...........#


You could see a boulder beetle (rolling) and a centaur.

Vanquished Creatures
  An unseen horror (D:6)
  Grinder (D:5)
  Duvessa (D:6)
  2 water moccasins
  An ice beast (D:6)
  2 ogres
  A centaur (D:6)
  A kobold brigand (D:5)
  2 necrophages
  3 scorpions
  5 wights
  Dowan (D:6)
  A howler monkey (D:5)
  6 hounds
  A jelly (D:5)
  Jessica (D:3)
  4 iguanas
  An orc wizard (D:6)
  Robin (D:3)
  3 gnolls (D:5)
  8 adders
  A white imp (D:6)
  2 ufetubi
  10 worms
  A dart slug (D:3)
  5 orcs
  6 ball pythons
  8 bats
  10 endoplasms
  4 giant cockroaches
  20 goblins
  12 hobgoblins
  5 jackals
  3 quokkas
  6 frilled lizards
  16 kobolds
  7 rats
163 creatures vanquished.

Vanquished Creatures (others)
  573 foxfires
  5 fungi (D:5)
578 creatures vanquished.

Grand Total: 741 creatures vanquished

Notes
Turn   | Place    | Note
-------+----------+-------------------------------------------
     0 | D:1      | funkygono the Gargoyle Fire Elementalist began the quest
                  | for the Orb.
     0 | D:1      | Reached XP level 1. HP: 10/10 MP: 3/3
   247 | D:1      | Reached XP level 2. HP: 14/15 MP: 0/5
   250 | D:1      | Learned a level 2 spell: Scorch
   636 | D:1      | Found a faded altar of an unknown god.
   730 | D:1      | Reached XP level 3. HP: 19/19 MP: 2/6
   734 | D:1      | Learned a level 3 spell: Kindle Blastsparks
  1730 | D:2      | Noticed a scorpion
  1740 | D:2      | Killed a scorpion
  1741 | D:2      | Reached skill level 4 in Fire Magic
  1741 | D:2      | Reached XP level 4. HP: 24/24 MP: 0/8
  1882 | D:2      | Found Hef Cie's Assorted Antiques.
  1954 | D:2      | Identified the +5 ring mail "Newapa" {rElec Str+4}
  2561 | D:3      | Reached XP level 5. HP: 28/28 MP: 5/9
  2694 | D:3      | Noticed Jessica
  2701 | D:3      | Killed Jessica
  3018 | D:3      | Found an ornate altar of the Wu Jian Council.
  3163 | D:3      | Reached XP level 6. HP: 32/32 MP: 5/10
  3218 | D:3      | Noticed Robin
  3305 | D:3      | Killed Robin
  3307 | D:3      | Reached skill level 5 in Fire Magic
  4104 | D:4      | Found a white marble altar of Elyvilon.
  4195 | D:4      | Reached XP level 7. HP: 37/37 MP: 8/13
  4367 | D:4      | Learned a level 4 spell: Flame Wave
  4598 | D:5      | Entered Level 5 of the Dungeon
  4718 | D:5      | Noticed Grinder
  4728 | D:5      | Killed Grinder
  4729 | D:5      | Reached skill level 1 in Fighting
  4797 | D:5      | Found a shadowy altar of Dithmenos.
  4806 | D:5      | Reached skill level 1 in Maces & Flails
  4806 | D:5      | Reached skill level 6 in Fire Magic
  4915 | D:5      | Reached XP level 8. HP: 31/43 MP: 0/15
  5157 | D:5      | Reached skill level 5 in Spellcasting
  5323 | D:5      | Found a broken altar of Ashenzari.
  5466 | D:5      | Found a bloodstained altar of Trog.
  5490 | D:5      | Found a sparkling altar of Nemelex Xobeh.
  5722 | D:5      | Found a shimmering blue altar of Sif Muna.
  6491 | D:6      | Reached skill level 7 in Fire Magic
  6628 | D:6      | Reached skill level 5 in Conjurations
  6628 | D:6      | Reached XP level 9. HP: 48/48 MP: 3/18
  6864 | D:6      | Noticed Duvessa
  6868 | D:6      | Noticed Dowan
  6881 | D:6      | Killed Duvessa
  6881 | D:6      | Killed Dowan
  7038 | D:6      | Found a hide-covered altar of Uskayaw.
  7109 | D:6      | Killed an unseen horror
  7110 | D:6      | Reached skill level 8 in Fire Magic
  7515 | D:7      | Found a flagged portal.
  7517 | D:7      | Noticed a boulder beetle
  7537 | D:7      | Mangled by a boulder beetle

Illustrated notes

Levels and vault maps discovered:
D:1:      dpeg_arrival_another_circle, layout_basic,
          hellmonk_ecumenical_altar_arch_garden, minmay_indecisive_spiral
D:2:      layout_basic, serial_shops, shop
D:3:      cheibrodos_helix_gallery, layout_basic, lemuel_crystal_altar,
          st_stairs_10, amcnicky_mini_corridor_feature,
          kennysheep_generic_room_10, uniq_jessica, uniq_robin
D:4:      layout_rooms, mainiacjoe_overflow_cross_hatched,
          kennysheep_small_circle
D:5:      layout_loops_corners, grunt_dithmenos_smoke,
          mainiacjoe_overflow_surrounded_room, mainiacjoe_overflow_alcove_4,
          nemelex_xobeh_ov_fountains_minmay, nicolae_overflow_hidden_temple,
          nicolae_wormholes, uniq_grinder
D:6:      layout_cave_pools, nicolae_uskayaw_suspiria, uniq_duvessa
D:7:      layout_basic, minmay_temple_entry_glass, enter_bailey_5,
          gammafunk_ghost_arena

Skill      XL: |  1  2  3  4  5  6  7  8  9 |
---------------+----------------------------+-----
Conjurations   | 2 3 4 5 |  5.6
Fire Magic     | 4 5 6 7 8 |  8.1
Spellcasting   | 3 4 6 |  6.9
Dodging        | 2 |  2.8
Fighting       | 1 |  1.9
Maces & Flails | 1 2 |  2.2
Armour         | |  0.5
Stealth        | |  2.1

Action                   |  1- 3 |  4- 6 |  7- 9 || total
-------------------------+-------+-------+-------++-------
Melee: Unarmed           |     2 |       |       ||     2
       Whip              |       |    16 |    73 ||    89
       Punch             |       |       |     1 ||     1
       Dire flail        |       |       |     8 ||     8
 Cast: Foxfire           |    60 |    89 |   178 ||   327
       Scorch            |     2 |     8 |    28 ||    38
Evoke: Wand              |       |       |     1 ||     1
  Use: Scroll            |       |     7 |     3 ||    10
       Potion            |       |       |     1 ||     1
 Stab: Sleeping          |       |     1 |       ||     1
Armor: Robe              |     6 |       |       ||     6
       Ring mail         |       |    13 |       ||    13
       Animal skin       |       |    12 |    49 ||    61
Dodge: Dodged            |    10 |    31 |    64 ||   105

Table legend: (Time is in decaauts)
 A = Elapsed time spent in this place.
 B = Non-inter-level travel time spent in this place.
 C = Inter-level travel time spent in this place.
 D = Time resting spent in this place.
 E = Time spent auto-exploring this place.
 F = Levels seen in this place.
 G = Mean time per level.
                   A        B        C        D        E       F      G
               +--------+--------+--------+--------+--------+-----+--------+
         Total |   7550 |   7297 |    253 |    326 |   5668 |   7 | 1078.6 |
       Dungeon |   7550 |   7297 |    253 |    326 |   5668 |   7 | 1078.6 |
               +--------+--------+--------+--------+--------+-----+--------+

Top non-repeatable levels by time:
     D:5: 1842 daAuts
     D:1: 1453 daAuts
     D:3: 1300 daAuts
     D:2: 1179 daAuts
     D:6: 994 daAuts
     D:4: 672 daAuts
     D:7: 107 daAuts
